 Dungeon Crawl Stone Soup version 0.18.1-48-g4cf74bf (webtiles) character file.

96 avery4life the Gusty (level 4, -3/25 HPs)
             Began as a Tengu Air Elementalist on June 30, 2016.
             Was a Believer of Qazlal.
             Slain by a gnoll (7 damage)
             ... on level 2 of the Dungeon.
             The game lasted 00:08:24 (2718 turns).

avery4life the Gusty (Tengu Air Elementalist)       Turns: 2718, Time: 00:08:24

Health: -3/25      AC:  2    Str:  8    XL:     4   Next: 67%
Magic:  0/8        EV: 13    Int: 17    God:    Qazlal [**....]
Gold:   157        SH:  3    Dex: 14    Spells: 1 memorised, 6 levels left

rFire  . . .     SeeInvis .     e - +0 spear
rCold  . . .     Gourm    .     a - +0 robe
rNeg   . . .     Faith    .     (no shield)
rPois  .         Spirit   .     (helmet restricted)
rElec  .         Dismiss  .     (no cloak)
rCorr  .         Reflect  .     (no gloves)
SustAt .         Harm     .     (boots unavailable)
MR     .....                    (no amulet)
Stlth  ++........               (no ring)
                                (no ring)

@: very slightly contaminated, not resistant to hostile enchantments, unstealthy
A: beak, talons 3
a: Upheaval, Renounce Religion


You were on level 2 of the Dungeon.
You worshipped Qazlal.
Qazlal was pleased with you.
You were not hungry.

You visited 1 branch of the dungeon, and saw 2 of its levels.

You collected 157 gold pieces.

Inventory:

Hand Weapons
 e - a +0 spear (weapon)
Armour
 a - a +0 robe (worn)
Scrolls
 g - 2 scrolls of remove curse {unknown}
 k - a scroll of fog {unknown}
Potions
 c - a potion of heal wounds {unknown}
 d - a potion of curing
 f - a potion of lignification {unknown}
 h - 3 potions of invisibility {unknown}
 i - a potion of might {unknown}
Books
 b - a book of Air

   Spells                             Type                      Level
   a - Shock                          Conjuration/Air              1
   b - Swiftness                      Charms/Air                   2
   c - Repel Missiles                 Charms/Air                   2
   d - Static Discharge               Conjuration/Air              3
   e - Lightning Bolt                 Conjuration/Air              5


   Skills:
 + Level 1.0 Fighting
 + Level 0.4 Polearms
 + Level 2.4 Dodging
 + Level 2.1 Stealth
 + Level 2.3 Spellcasting
 + Level 2.3 Conjurations
 + Level 5.7 Air Magic


You had 6 spell levels left.
You knew the following spells:

 Your Spells              Type           Power        Failure   Level  Hunger
a - Shock                 Conj/Air       ###.         3%          1    #......


Dungeon Overview and Level Annotations

Branches:
Dungeon (2/15)

Altars:
Qazlal
Yredelemnul
The Shining One


Innate Abilities, Weirdness & Mutations

You have a beak for a mouth.
You have claws for feet.


Message History

Qazlal accepts your kill.
The zap hits the gnoll.
You kill the gnoll!
Qazlal accepts your kill.
Your Fighting skill increases to level 1!
The zap hits the gnoll.
The gnoll is heavily wounded.
Unknown command.
Casting: Shock
Confirm with . or Enter, or press ? or * to list all spells.
You don't have enough magic to cast that spell.
Unknown command.
The gnoll hits you.
* * * LOW HITPOINT WARNING * * *
Things that are here:
a flail; a gnoll corpse You closely miss the gnoll.
You claw the gnoll, but do no damage.
The gnoll is heavily wounded.
The gnoll hits you!
You die...

..###.##........
##...............#
#.<.....##.####..#
###.#(###.##.####..#
...#.###.##.......#
#####.#.##...........#
#.....).##..#######..#
#.#...†...<.......#..#
#..@.###........#..
##g#.....#.####.#..#
...........# #...
#.##.#.###.#.# .#.#. #
#.#.# #.#.# .....
#.... ..... #.#. .....
#...%. #. .. .. #. ###
#.#.


You could see a gnoll.

Vanquished Creatures
  An adder (D:2)
  2 gnolls (D:2)
  A dart slug (D:2)
  3 worms (D:2)
  2 giant cockroaches (D:1)
  2 gnoll zombies (D:2)
  4 goblins
  7 hobgoblins
  6 jackals (D:2)
  2 quokkas (D:2)
  A ball python (D:1)
  4 bats
  3 kobolds
  21 rats
59 creatures vanquished.

Notes
Turn   | Place    | Note
--------------------------------------------------------------
     0 | D:1      | avery4life the Tengu Air Elementalist began the quest for the Orb.
     0 | D:1      | Reached XP level 1. HP: 10/10 MP: 4/4
   533 | D:1      | Reached XP level 2. HP: 15/15 MP: 4/6
  1316 | D:2      | Found a faded altar to an unknown god.
  1319 | D:2      | Reached skill level 5 in Air Magic
  1420 | D:2      | Became a worshipper of Qazlal Stormbringer
  1420 | D:2      | Reached * piety under Qazlal
  1432 | D:2      | Reached XP level 3. HP: 19/19 MP: 5/7
  1985 | D:2      | Reached ** piety under Qazlal
  2170 | D:2      | Reached XP level 4. HP: 24/24 MP: 5/8
  2293 | D:2      | Found a glowing golden altar of the Shining One.
  2549 | D:2      | Found a basalt altar of Yredelemnul.
  2716 | D:2      | Reached skill level 1 in Fighting
  2718 | D:2      | Slain by a gnoll

Skill      XL: |  1  2  3  4 |
---------------+-------------+-----
Air Magic      | 5 |  5.7
Conjurations   | 2 |  2.3
Fighting       | 1 |  1.0
Polearms       | |  0.4
Dodging        | |  2.4
Stealth        | |  2.1
Spellcasting   | |  2.3

Action                   |  1- 3 |  4- 6 || total
-------------------------+-------+-------++-------
Melee: Spear             |    60 |    18 ||    78
       Kick              |    10 |     5 ||    15
       Peck              |     4 |     3 ||     7
 Cast: Shock             |    39 |    35 ||    74
  Eat: Bread ration      |     1 |       ||     1
       Meat ration       |       |     1 ||     1
       Chunk             |       |     1 ||     1
Armor: Robe              |    10 |       ||    10
Dodge: Dodged            |    30 |     9 ||    39
Block: Other             |     1 |       ||     1
